[Event "ICC tourney 1992 (90 10)"]
[Site "Internet Chess Club"]
[Date "2020.09.07"]
[Round "6"]
[White "chess27"]
[Black "TheMoffattMan"]
[Result "1-0"]
[ICCResult "Black resigns"]
[WhiteElo "1517"]
[BlackElo "1353"]
[Opening "Sicilian: Alapin's variation (2.c3)"]
[ECO "B22"]
[NIC "SI.46"]
[Time "15:32:57"]
[TimeControl "5400+10"]

1. e4 c5 2. c3 Nc6 3. d4 cxd4 4. cxd4 e6 5. Nf3 d6 6. Bb5 g6 7. d5 Qa5+ 8.
Nc3 Bg7 9. dxc6 Bxc3+ 10. bxc3 Qxb5 11. Qxd6 Qxc6 12. Qxc6+ bxc6 13. Be3 Ne7
14. O-O O-O 15. h3 f5 16. exf5 exf5 17. Bc5 Rf7 18. Ng5 Ba6 19. Rfe1 Re8 20.
Nxf7 Kxf7 21. Bxe7 Rxe7 22. Rxe7+ Kxe7 23. Re1+ Kf6 24. Re8 Bc4 25. Ra8 a6
26. a3 Ke5 27. Rh8 h5 28. f3 Kd5 29. Rg8 Bb5 30. Rxg6 Kc4 31. Rg5 Kxc3 32.
Rxf5 Kb3 33. Rxh5 Kxa3 34. f4 Kb4 35. g4 c5 36. f5 c4 37. f6 c3 38. Re5 Bc4
39. g5 c2 40. Re1 Kb3 41. g6 Kb2 42. f7 c1=Q 43. Rxc1 Kxc1 44. f8=Q
{Black resigns}
1-0

[Event "ICC tourney 1992 (90 10)"]
[Site "Internet Chess Club"]
[Date "2020.09.07"]
[Round "6"]
[White "DavidNest"]
[Black "MadiChesskid"]
[Result "0-1"]
[ICCResult "White checkmated"]
[WhiteElo "1254"]
[BlackElo "1502"]
[Opening "Réti accepted"]
[ECO "A09"]
[NIC "RE.19"]
[Time "15:33:02"]
[TimeControl "5400+10"]

1. Nf3 d5 2. c4 dxc4 3. e3 c5 4. Bxc4 Nc6 5. Ng5 e6 6. Nf3 Nf6 7. Bb5 a6 8.
Bxc6+ bxc6 9. Ne5 Bb7 10. Qb3 Qc7 11. Nf3 Be7 12. O-O O-O 13. Qc2 Nd5 14.
Nc3 Nb4 15. Qd1 Nd3 16. Qe2 Rad8 17. Ne1 c4 18. Nxd3 cxd3 19. Qd1 Bd6 20. f4
c5 21. Rf2 e5 22. fxe5 Bxe5 23. g3 Bxg3 24. hxg3 Qxg3+ 25. Kf1 Rd6 26. Qb3
Rg6 27. Ne2 dxe2+ 28. Kxe2 Qg4+ 29. Kd3 Be4+ 30. Kc4 Bc2+ 31. Rf4 Bxb3+ 32.
axb3 Qe2+ 33. Kxc5 Qb5+ 34. Kd4 Rd8+ 35. Kc3 Qd3+ 36. Kb4 Rb6+ 37. Ka4 Qb5+
38. Ka3 Qxb3# {White checkmated} 0-1

[Event "ICC tourney 1992 (90 10)"]
[Site "Internet Chess Club"]
[Date "2020.09.07"]
[Round "6"]
[White "SeannDSpeyer"]
[Black "rcstinson"]
[Result "0-1"]
[ICCResult "White checkmated"]
[WhiteElo "1324"]
[BlackElo "1470"]
[Opening "Queen's pawn"]
[ECO "A40"]
[NIC "QO.17"]
[Time "15:32:57"]
[TimeControl "5400+10"]

1. d4 e6 2. Nf3 f5 3. g3 Nf6 4. Bg2 d5 5. O-O Bd6 6. c4 c6 7. Nc3 O-O 8. Qb3
b6 9. Bg5 Nbd7 10. cxd5 exd5 11. e4 fxe4 12. Nxe4 Qc7 13. Nxf6+ Nxf6 14.
Bxf6 Rxf6 15. Rfe1 Bg4 16. Ne5 Bxe5 17. dxe5 Rff8 18. Rac1 Qf7 19. f4 Rac8
20. h3 Be6 21. Qd3 Rfd8 22. Red1 c5 23. Qe2 d4 24. Kh2 Bxa2 25. Be4 Bd5 26.
Qf3 Bxe4 27. Qxe4 Qd5 28. Qe2 Qe6 29. g4 Re8 30. Re1 Qd5 31. f5 d3 32. Qe4
Qxe4 33. Rxe4 Rcd8 34. Rd1 b5 35. e6 c4 36. Rde1 a5 37. Re5 d2 38. Rd1 b4
39. Rxa5 c3 40. bxc3 bxc3 41. Rc5 Rc8 42. Rd5 c2 43. R5xd2 cxd1=Q 44. Rxd1
Rcd8 45. Re1 Kf8 46. g5 Rd6 47. h4 g6 48. fxg6 hxg6 49. Rf1+ Kg8 50. Rf6
Rdxe6 51. Rxe6 Rxe6 52. Kg3 Re4 53. Kh3 Kf7 54. Kg3 Ke6 55. Kh3 Kf5 56. Kg3
Re3+ 57. Kf2 Kf4 58. Kg2 Kg4 59. Kf2 Ra3 60. Kg2 Kxh4 61. Kf2 Kxg5 62. Kg2
Kf4 63. Kf2 g5 64. Kg2 g4 65. Kf2 g3+ 66. Ke2 Ra2+ 67. Kf1 Kf3 68. Ke1 g2
69. Kd1 g1=Q# {White checkmated} 0-1

[Event "ICC tourney 1992 (90 10)"]
[Site "Internet Chess Club"]
[Date "2020.09.07"]
[Round "6"]
[White "ranu540"]
[Black "thihansa"]
[Result "0-1"]
[ICCResult "White checkmated"]
[WhiteElo "1314"]
[BlackElo "1206"]
[Opening "French: Tarrasch, closed variation"]
[ECO "C05"]
[NIC "FR.16"]
[Time "15:33:03"]
[TimeControl "5400+10"]

1. e4 e6 2. d4 d5 3. Nd2 Nf6 4. e5 Nfd7 5. c3 c5 6. Nb3 Nc6 7. c4 cxd4 8.
cxd5 exd5 9. Nxd4 Ndxe5 10. Nxc6 Nxc6 11. Bb5 Qa5+ 12. Bd2 Qxb5 13. Qe2+
Qxe2+ 14. Nxe2 Be7 15. O-O-O Be6 16. Nf4 Bg5 17. Nxe6 Bxd2+ 18. Rxd2 fxe6
19. Re1 Kf7 20. Rde2 Rhe8 21. Re3 Rac8 22. Kd2 Nd4 23. Kd3 Nc6 24. Rf3+ Kg8
25. a3 e5 26. Rf5 Rf8 27. Rxf8+ Rxf8 28. f3 Re8 29. Re3 Kf7 30. g4 e4+ 31.
fxe4 dxe4+ 32. Rxe4 Rxe4 33. Kxe4 Ke6 34. h4 Na5 35. b4 Nc4 36. a4 Nb6 37.
a5 Nd5 38. b5 Nc3+ 39. Kd4 Nxb5+ 40. Kc5 Nd6 41. g5 Nf5 42. h5 Ng3 43. h6
gxh6 44. gxh6 Nf5 45. Kb5 Nxh6 46. a6 bxa6+ 47. Kxa6 Nf5 48. Kxa7 h5 49. Kb6
h4 50. Kc5 h3 51. Kc4 h2 52. Kd3 h1=Q 53. Ke2 Qh3 54. Kd2 Qf3 55. Kc2 Qe3
56. Kb1 Qd2 57. Ka1 Kd5 58. Kb1 Kc4 59. Ka1 Kb3 60. Kb1 Qb2# {White
checkmated} 0-1

[Event "ICC tourney 1992 (90 10)"]
[Site "Internet Chess Club"]
[Date "2020.09.07"]
[Round "6"]
[White "ChunkyApple"]
[Black "ChessEric"]
[Result "1-0"]
[ICCResult "Black resigns"]
[WhiteElo "1288"]
[BlackElo "1170"]
[Opening "Scandinavian defense"]
[ECO "B01"]
[NIC "SD.03"]
[Time "15:33:41"]
[TimeControl "5400+10"]

1. e4 d5 2. exd5 Nf6 3. Nf3 Nxd5 4. Bc4 Nb6 5. Bb3 e6 6. d3 Be7 7. Nc3 N8d7
8. Bf4 Nc5 9. Nb5 Nd5 10. Bxd5 exd5 11. Nxc7+ Kd7 12. Nxa8 b6 13. Nc7 Bd6
14. Bxd6 Kxd6 15. Nb5+ Kc6 16. Nbd4+ Kb7 17. O-O Re8 18. Re1 Bg4 19. Rxe8
Qxe8 20. Qe1 Qd8 21. h3 Bc8 22. Qe3 Na4 23. Ng5 Nxb2 24. a4 Qd7 25. Ngf3 f6
26. a5 Na4 27. axb6 axb6 28. Re1 Nc5 29. Qe7 {Black resigns} 1-0

[Event "ICC tourney 1992 (90 10)"]
[Site "Internet Chess Club"]
[Date "2020.09.07"]
[Round "6"]
[White "Yamato1945"]
[Black "FlowingMelody"]
[Result "0-1"]
[ICCResult "White checkmated"]
[WhiteElo "1422"]
[BlackElo "1307"]
[Opening "QGD: Charousek (Petrosian) variation"]
[ECO "D31"]
[NIC "QP.08"]
[Time "15:32:55"]
[TimeControl "5400+10"]

1. d4 d5 2. c4 e6 3. Nc3 Be7 4. Bf4 Nf6 5. e3 O-O 6. cxd5 Nxd5 7. Nxd5 exd5
8. Nf3 Nd7 9. a3 Nf6 10. Bd3 Bd6 11. Bg5 b6 12. Bc2 Ba6 13. b4 c6 14. Rc1
Bb5 15. Bb1 Be7 16. Nd2 Qd7 17. Qc2 g6 18. Nf3 Ne4 19. Ne5 Qd6 20. Bxe7 Qxe7
21. f3 Qh4+ 22. g3 Nxg3 23. Kd2 Nxh1 24. Kc3 Nf2 25. Rg1 Bd3 26. Nxd3 Nxd3
27. Qxd3 Qxh2 28. Rf1 Rfe8 29. f4 Qh3 30. Kd2 Qg2+ 31. Kc3 Qe4 32. Qd1 Qxe3+
33. Kb2 Qe2+ 34. Bc2 Qxd1 35. Rxd1 Re3 36. Rc1 Rf3 37. a4 Rxf4 38. b5 cxb5
39. axb5 Rxd4 40. Ka1 Rc4 41. Kb1 Rac8 42. Kb2 h5 43. Kb1 h4 44. Kb2 h3 45.
Kb1 h2 46. Kb2 Rxc2+ 47. Rxc2 Rxc2+ 48. Kxc2 h1=Q 49. Kb3 Qc1 50. Ka4 Qb1
51. Ka3 Kf8 52. Ka4 Ke7 53. Ka3 Kd6 54. Ka4 Kc5 55. Ka3 d4 56. Ka4 Qb4#
{White checkmated}
0-1

[Event "ICC tourney 1992 (90 10)"]
[Site "Internet Chess Club"]
[Date "2020.09.07"]
[Round "6"]
[White "Cgchess"]
[Black "Supersky"]
[Result "1/2-1/2"]
[ICCResult "Game drawn by mutual agreement"]
[WhiteElo "1388"]
[BlackElo "1310"]
[Opening "Sicilian: closed"]
[ECO "B23"]
[NIC "SI.44"]
[Time "15:33:05"]
[TimeControl "5400+10"]

1. e4 c5 2. Nc3 e6 3. Bc4 a6 4. d3 Nc6 5. Nf3 g6 6. d4 cxd4 7. Nxd4 Bg7 8.
Be3 Nge7 9. O-O O-O 10. Nce2 b5 11. Bb3 Nxd4 12. Bxd4 Nc6 13. Bxg7 Kxg7 14.
c3 d6 15. Nd4 Nxd4 16. Qxd4+ e5 17. Qd5 Be6 18. Qd1 a5 19. Bxe6 fxe6 20. Qd3
Rb8 21. Rad1 Rb6 22. b3 Qa8 23. c4 bxc4 24. Qxc4 Qc8 25. Qxc8 Rxc8 26. Rd2
Kf7 27. f3 {Game drawn by mutual agreement} 1/2-1/2

[Event "ICC tourney 1992 (90 10)"]
[Site "Internet Chess Club"]
[Date "2020.09.07"]
[Round "6"]
[White "kevin2010"]
[Black "VirginiaGuy"]
[Result "0-1"]
[ICCResult "White resigns"]
[WhiteElo "1237"]
[BlackElo "1520"]
[Opening "Queen's pawn game"]
[ECO "D04"]
[NIC "QP.08"]
[Time "15:33:09"]
[TimeControl "5400+10"]

1. d4 d5 2. Nf3 Nf6 3. e3 Bf5 4. Bd3 Bxd3 5. Qxd3 c6 6. O-O e6 7. Nbd2 Nbd7
8. Re1 Be7 9. Ne5 Qc7 10. f4 O-O 11. c4 Rac8 12. b3 a6 13. a4 c5 14. Ba3
Rfe8 15. cxd5 Nxd5 16. Rac1 Nxe5 17. fxe5 Qa5 18. Nc4 Qd8 19. e4 Nb6 20. Na5
Qxd4+ 21. Qxd4 cxd4 22. Bxe7 Rxc1 23. Rxc1 Rxe7 24. Nc4 Rc7 25. a5 Nxc4 26.
Rxc4 Rxc4 27. bxc4 Kf8 28. Kf2 Ke7 29. Ke2 Kd7 30. Kd3 Kc6 31. Kxd4 b6 32.
axb6 Kxb6 33. c5+ Kc6 34. Kc4 a5 35. g3 a4 36. Kb4 a3 37. Kxa3 Kxc5 38. Kb3
Kd4 39. Kc2 Kxe4 40. Kd2 Kxe5 41. Ke3 f5 42. h3 g5 43. Kf3 h5 44. Ke3 f4+
45. gxf4+ gxf4+ 46. Kf3 Kf5 47. Kf2 e5 48. Ke2 e4 49. Kf2 Kg5 50. Kg1 f3 51.
Kh1 Kh4 52. Kh2 e3 53. Kg1 Kxh3 54. Kf1 Kh2 55. Ke1 Kg2 {White resigns} 0-1

[Event "ICC tourney 1992 (90 10)"]
[Site "Internet Chess Club"]
[Date "2020.09.07"]
[Round "6"]
[White "AdityaBang"]
[Black "Florina12345"]
[Result "1-0"]
[ICCResult "Black resigns"]
[WhiteElo "1254"]
[BlackElo "1471"]
[Opening "Giuoco Piano"]
[ECO "C50"]
[NIC "IG.02"]
[Time "15:32:56"]
[TimeControl "5400+10"]

1. e4 e5 2. Nf3 Nc6 3. Bc4 Bc5 4. O-O Nf6 5. d4 Bxd4 6. Nxd4 Nxd4 7. c3 Nc6
8. f4 Qe7 9. fxe5 Nxe5 10. Bb3 d6 11. Nd2 O-O 12. Nc4 Nxc4 13. Bxc4 Qxe4 14.
Bd3 Qe7 15. Bg5 Kh8 16. Bxf6 gxf6 17. Re1 Be6 18. Qh5 f5 19. Bxf5 f6 20.
Rxe6 Qg7 21. Rae1 Rg8 22. g3 Raf8 23. Re7 h6 24. Rxg7 Rxg7 25. Qxh6+ Kg8 26.
Be6+ Rff7 27. Bxf7+ Kxf7 28. Qh5+ {Black resigns} 1-0

[Event "ICC tourney 1992 (90 10)"]
[Site "Internet Chess Club"]
[Date "2020.09.07"]
[Round "6"]
[White "NJLandshark"]
[Black "Chessman67a"]
[Result "1/2-1/2"]
[ICCResult "Game drawn by mutual agreement"]
[WhiteElo "1237"]
[BlackElo "1494"]
[Opening "English: symmetrical variation"]
[ECO "A36"]
[NIC "EO.64"]
[Time "15:33:21"]
[TimeControl "5400+10"]

1. c4 c5 2. Nc3 Nc6 3. g3 Nf6 4. Bg2 e5 5. e3 d6 6. Nge2 Be7 7. O-O O-O 8.
d3 a6 9. a3 Be6 10. Rb1 Rb8 11. b4 Qc8 12. Re1 b5 13. cxb5 axb5 14. bxc5 d5
15. Rxb5 Rxb5 16. Nxb5 Qb7 17. a4 Bxc5 18. d4 Bb4 19. Bd2 e4 20. Bxb4 Nxb4
21. Nf4 Bd7 22. Qb1 Bxb5 23. Qxb4 Bc6 24. Qxb7 Bxb7 25. Ra1 g5 26. Ne2 Rc8
27. Rc1 {Game drawn by mutual agreement} 1/2-1/2

[Event "ICC tourney 1992 (90 10)"]
[Site "Internet Chess Club"]
[Date "2020.09.07"]
[Round "6"]
[White "WallyCleaver"]
[Black "oxdidi"]
[Result "1-0"]
[ICCResult "Black resigns"]
[WhiteElo "1603"]
[BlackElo "1323"]
[Opening "King's knight's gambit"]
[ECO "C34"]
[NIC "KG.02"]
[Time "15:33:01"]
[TimeControl "5400+10"]

1. e4 e5 2. f4 exf4 3. Nf3 Nc6 4. d4 Bb4+ 5. c3 Ba5 6. Bxf4 Nf6 7. Bd3 O-O
8. O-O h6 9. Nbd2 d6 10. Nc4 Bb6 11. Nxb6 axb6 12. Qc2 Nh5 13. Be3 Re8 14.
Rae1 Nf6 15. a3 Bg4 16. h3 Bxf3 17. Rxf3 Qe7 18. Ref1 Nd8 19. Bxh6 Nxe4 20.
Re3 d5 21. Bf4 Nc6 22. Bh2 Rad8 23. Rf4 f5 24. Rxf5 Qh4 25. Rf4 Qg5 26. Bxe4
dxe4 27. Rfxe4 Rxe4 28. Qxe4 Rc8 29. Qe6+ Kh7 30. Qe4+ Kh8 31. Be5 Nxe5 32.
Qxe5 Qg6 33. Qe6 Qxe6 34. Rxe6 Kh7 35. Re7 Kg6 36. Kf2 Rf8+ 37. Ke3 Rc8 38.
Ke4 Kf6 39. Re5 c6 40. h4 Rh8 41. h5 Rh6 42. g4 g5 43. Rf5+ Ke6 44. Rxg5 Kf6
45. Re5 Rh7 46. g5+ Kg7 47. Re7+ Kg8 48. Rxh7 Kxh7 49. g6+ Kh6 50. Ke5 Kg7
51. c4 Kh6 52. d5 cxd5 53. cxd5 {Black resigns} 1-0

[Event "ICC tourney 1992 (90 10)"]
[Site "Internet Chess Club"]
[Date "2020.09.07"]
[Round "6"]
[White "mnm2"]
[Black "Electryon"]
[Result "0-1"]
[ICCResult "White checkmated"]
[WhiteElo "1286"]
[BlackElo "1389"]
[Opening "Scandinavian (center counter) defense"]
[ECO "B01"]
[NIC "SD.02"]
[Time "15:33:40"]
[TimeControl "5400+10"]

1. e4 d5 2. exd5 Qxd5 3. Nc3 Qd8 4. Nf3 c6 5. Bc4 Bf5 6. d3 e6 7. Bf4 Nf6 8.
O-O Be7 9. h3 O-O 10. Re1 Nbd7 11. d4 Nd5 12. Nxd5 cxd5 13. Bb5 a6 14. Bxd7
Qxd7 15. Ne5 Qa4 16. b3 Qb5 17. a4 Qa5 18. Kh2 Rac8 19. c4 dxc4 20. Nxc4 Qd8
21. g4 Bg6 22. Ne5 Bd6 23. Nxg6 fxg6 24. Bxd6 Qxd6+ 25. Kg1 Rc3 26. Re3 Rxe3
27. fxe3 Qg3+ 28. Kh1 Rf2 29. Qg1 Qxh3+ 30. Qh2 Qxh2# {White checkmated} 0-1

[Event "ICC tourney 1992 (90 10)"]
[Site "Internet Chess Club"]
[Date "2020.09.07"]
[Round "6"]
[White "mutantpenguin"]
[Black "sagsur"]
[Result "0-1"]
[ICCResult "White checkmated"]
[WhiteElo "1459"]
[BlackElo "1308"]
[Opening "Scotch game"]
[ECO "C45"]
[NIC "SO.04"]
[Time "15:33:08"]
[TimeControl "5400+10"]

1. e4 e5 2. Nf3 Nc6 3. d4 exd4 4. Nxd4 Be7 5. Nc3 Nf6 6. Nxc6 dxc6 7. Bd3
O-O 8. O-O Re8 9. e5 Ng4 10. Bf4 Bg5 11. Bxg5 Qxg5 12. h3 Nh6 13. f4 Qe7 14.
Qf3 Bf5 15. Bxf5 Nxf5 16. Rad1 f6 17. Qd3 Nh6 18. Qc4+ Kh8 19. e6 Qxe6 20.
Qxe6 Rxe6 21. Rd7 Rc8 22. Rfd1 Ree8 23. Kf2 Kg8 24. g4 Nf7 25. R7d2 Rcd8 26.
Rxd8 Rxd8 27. Rxd8+ Nxd8 28. Ke3 Kf7 29. Ke4 Ke6 30. Kd4 b6 31. f5+ Kd6 32.
Ne4+ Kd7 33. b4 Nf7 34. h4 Nd6 35. g5 Nxf5+ 36. Kd3 fxg5 37. hxg5 Nd6 38. c4
Nxe4 39. Kxe4 Ke6 40. a4 a6 41. Kf4 h5 42. b5 axb5 43. axb5 cxb5 44. cxb5 h4
45. Kg4 h3 46. Kxh3 Kf5 47. Kh4 g6 48. Kg3 Kxg5 49. Kf3 Kf5 50. Kg3 g5 51.
Kh3 Kf4 52. Kh2 Kf3 53. Kh1 Kf2 54. Kh2 g4 55. Kh1 Kf3 56. Kh2 g3+ 57. Kg1
g2 58. Kh2 Kf2 59. Kh3 g1=Q 60. Kh4 Qg6 61. Kh3 Qg3# {White checkmated} 0-1

[Event "ICC tourney 1992 (90 10)"]
[Site "Internet Chess Club"]
[Date "2020.09.07"]
[Round "6"]
[White "kskariah"]
[Black "mnm1"]
[Result "0-1"]
[ICCResult "White checkmated"]
[WhiteElo "1331"]
[BlackElo "1372"]
[Opening "Sicilian: Sozin, 7.Be3"]
[ECO "B89"]
[NIC "SI.26"]
[Time "15:32:56"]
[TimeControl "5400+10"]

1. e4 c5 2. Nf3 d6 3. d4 cxd4 4. Nxd4 Nf6 5. Nc3 Nc6 6. Bc4 e6 7. Be3 Ng4 8.
Nxc6 Nxe3 9. Nxd8 Nxd1 10. Rxd1 Kxd8 11. O-O Bd7 12. Bb5 Be7 13. Bxd7 Kxd7
14. Nb5 Rhd8 15. e5 d5 16. c4 Kc6 17. Nd4+ Kb6 18. Rc1 Bc5 19. Nb3 Rac8 20.
Rfd1 dxc4 21. Nxc5 Kxc5 22. Re1 b5 23. Rc2 Rd5 24. g3 Rcd8 25. a3 Rd2 26.
b4+ Kb6 27. Rxd2 Rxd2 28. Rc1 Rd3 29. Ra1 c3 30. Kf1 c2 31. Ke2 Rxa3 32. Rc1
Ra2 33. Kd2 a5 34. bxa5+ Kxa5 35. Rxc2 Rxc2+ 36. Kxc2 Ka4 37. f4 Ka3 38. g4
g6 39. h3 b4 40. h4 Ka2 41. Kc1 b3 42. g5 b2+ 43. Kd2 b1=Q 44. f5 Qxf5 45.
h5 Qxg5+ 46. Kd3 Qxe5 47. h6 Qh5 48. Kc4 Qxh6 49. Kd3 Qf4 50. Kc3 g5 51. Kd3
g4 52. Kc3 g3 53. Kd3 g2 54. Ke2 g1=Q 55. Kd3 Qgg3+ 56. Ke2 Qff2+ 57. Kd1
Qgg1# {White checkmated} 0-1

[Event "ICC tourney 1992 (90 10)"]
[Site "Internet Chess Club"]
[Date "2020.09.07"]
[Round "6"]
[White "nschneider"]
[Black "kanishksinghus"]
[Result "1-0"]
[ICCResult "Black resigns"]
[WhiteElo "253"]
[BlackElo "1410"]
[Opening "Sicilian: Najdorf, 7...Be7"]
[ECO "B98"]
[NIC "SI.09"]
[Time "15:32:57"]
[TimeControl "5400+10"]

1. e4 c5 2. Nf3 d6 3. d4 cxd4 4. Nxd4 Nf6 5. Nc3 a6 6. Bg5 e6 7. f4 Be7 8.
Qf3 Nbd7 9. Bc4 Qc7 10. Bxe6 fxe6 11. Nxe6 Qb6 12. O-O-O Kf7 13. Nd5 Nxd5
14. exd5 Nf6 15. Qe2 Qa5 16. Kb1 Nxd5 17. Rxd5 Qxd5 18. Nc7 Qf5 19. Qxe7+
{Black resigns}
1-0

[Event "ICC tourney 1992 (90 10)"]
[Site "Internet Chess Club"]
[Date "2020.09.07"]
[Round "6"]
[White "adma2028"]
[Black "pusheen2019"]
[Result "1-0"]
[ICCResult "Black checkmated"]
[WhiteElo "1331"]
[BlackElo "1497"]
[Opening "Queen's bishop game"]
[ECO "D00"]
[NIC "QP.08"]
[Time "15:32:58"]
[TimeControl "5400+10"]

1. d4 d5 2. Bf4 Nf6 3. Nf3 Bf5 4. e3 e6 5. Bd3 Bg6 6. c3 Bd6 7. Bg3 Ne4 8.
Nh4 Nxg3 9. hxg3 Bxd3 10. Qxd3 Nd7 11. Nd2 Qe7 12. Nhf3 h6 13. e4 c6 14. e5
Bc7 15. g4 O-O-O 16. b4 f6 17. Nh4 Rhg8 18. f4 g5 19. Ng6 Qg7 20. f5 fxe5
21. fxe6 e4 22. exd7+ Rxd7 23. Qh3 Qxg6 24. Qxh6 Bg3+ 25. Ke2 Qe8 26. Nb3
Rd6 27. Qh3 Be5 28. dxe5 Re6 29. Nc5 Rxe5 30. Qh7 Re7 31. Qf5+ Kb8 32. Rh7
Rxh7 33. Qxh7 Qc8 34. Qd7 Rg7 35. Qxc8+ Kxc8 36. Rf1 Rg8 37. Rf5 b6 38. Ne6
Kd7 39. Rxg5 Rxg5 40. Nxg5 c5 41. bxc5 bxc5 42. Ke3 Ke7 43. c4 dxc4 44. Nxe4
c3 45. Nxc3 c4 46. Kd4 a5 47. Kxc4 a4 48. Nxa4 Kf6 49. Nb6 Kg5 50. a4 Kxg4
51. a5 Kg3 52. a6 Kg4 53. a7 Kg3 54. a8=Q Kh2 55. Qf3 Kg1 56. Nd5 Kh2 57.
Ne3 Kg1 58. g4 Kh2 59. Qg2# {Black checkmated} 1-0

[Event "ICC tourney 1992 (90 10)"]
[Site "Internet Chess Club"]
[Date "2020.09.07"]
[Round "6"]
[White "JonesGill"]
[Black "Abhinac123"]
[Result "0-1"]
[ICCResult "White resigns"]
[WhiteElo "1162"]
[BlackElo "1457"]
[Opening "Scotch gambit: Dubois-Réti defense"]
[ECO "C55"]
[NIC "KP.02"]
[Time "15:32:58"]
[TimeControl "5400+10"]

1. e4 e5 2. Nf3 Nc6 3. d4 exd4 4. Bc4 Nf6 5. e5 d5 6. Bb5 Ne4 7. Nxd4 Bd7 8.
Bxc6 bxc6 9. O-O Be7 10. Be3 O-O 11. Nd2 Nxd2 12. Qxd2 c5 13. Nf3 Bg4 14.
Ne1 Rb8 15. f3 Bf5 16. c3 c6 17. b3 Re8 18. Qf2 Qd7 19. Rd1 Bf8 20. Bf4 Qe6
21. Nd3 Rb5 22. Rfe1 c4 23. bxc4 dxc4 24. Nb4 Bc5 25. Be3 Bxe3 26. Rxe3 Rxe5
27. Rxe5 Qxe5 28. Qd4 Qxd4+ 29. cxd4 Rc8 30. Rc1 Be6 31. Rc3 c5 32. dxc5
Rxc5 33. Nc2 Kf8 34. Kf2 Ke7 35. Ke3 Kd6 36. Nb4 a5 37. Nc2 Re5+ 38. Kf2 Kc5
39. a4 Bd5 40. g3 Re8 41. f4 Re4 42. Kf3 Bc6 43. Ra3 Re1+ 44. Kf2 Rh1 45.
Ke3 Rxh2 46. Rc3 Rg2 {White resigns} 0-1

[Event "ICC tourney 1992 (90 10)"]
[Site "Internet Chess Club"]
[Date "2020.09.07"]
[Round "6"]
[White "wildrumpus"]
[Black "kkhanna"]
[Result "1-0"]
[ICCResult "Black resigns"]
[WhiteElo "1452"]
[BlackElo "1370"]
[Opening "Queen's pawn game"]
[ECO "A45"]
[NIC "QP.07"]
[Time "15:33:27"]
[TimeControl "5400+10"]

1. d4 Nf6 2. e3 g6 3. Nf3 Bg7 4. Be2 O-O 5. O-O d5 6. b3 c5 7. Bb2 Ne4 8. c4
e6 9. Nc3 Nxc3 10. Bxc3 Nc6 11. Qc2 cxd4 12. Nxd4 Bd7 13. Rad1 Qe7 14. Qb2
Nxd4 15. Bxd4 Bxd4 16. Qxd4 Bc6 17. cxd5 Bxd5 18. Qf4 Rac8 19. Rd2 Qc7 20.
Qh6 Qc3 21. Rfd1 Be4 22. Rd4 Qb2 23. Bc4 Bc2 24. Rh4 Qg7 25. Qxg7+ Kxg7 26.
Rd7 Rcd8 27. Rhd4 Rxd7 28. Rxd7 Be4 29. Bxe6 Bc6 30. Rc7 Kf6 31. Bc4 g5 32.
h3 Kg6 33. f3 f6 34. Kf2 a6 35. g4 Rd8 36. Ke2 Rd7 37. Rxd7 Bxd7 38. Bd5
Bb5+ 39. Bc4 Bc6 40. e4 h5 41. Ke3 hxg4 42. hxg4 b6 43. Bxa6 Kf7 44. Kd4 Ke6
45. Bc4+ Kd6 46. a4 Bd7 47. Bd3 Be6 48. b4 Bd7 49. a5 bxa5 50. bxa5 Bc6 51.
a6 Ba8 52. Bc4 Bc6 53. Bd5 Bxd5 54. exd5 Kc7 55. a7 Kb7 56. a8=Q+ Kxa8 57.
Ke4 Kb7 58. Kf5 Kc7 59. Kxf6 Kd6 60. Kxg5 Kxd5 61. Kf5 Kd6 62. Kf6 Kd7 63.
Kf7 Kd6 64. g5 Ke5 65. g6 Kf4 66. g7 Kxf3 67. g8=Q Kf4 68. Kf6 Ke3 69. Qg4
Kd3 70. Ke5 Kc2 71. Qf3 Kd2 72. Kd4 Kc2 73. Qd3+ Kb2 74. Qc4 Ka1 75. Qb5 Ka2
76. Kc3 {Black resigns} 1-0

[Event "ICC tourney 1992 (90 10)"]
[Site "Internet Chess Club"]
[Date "2020.09.07"]
[Round "6"]
[White "kinpin007"]
[Black "Kfprasanna"]
[Result "0-1"]
[ICCResult "White resigns"]
[WhiteElo "1489"]
[BlackElo "1367"]
[Opening "QGD Slav defense"]
[ECO "D10"]
[NIC "SL.01"]
[Time "15:33:01"]
[TimeControl "5400+10"]

1. d4 d5 2. c4 c6 3. e3 Nf6 4. Nc3 Bf5 5. Nf3 Nbd7 6. Bd2 e6 7. Qb3 Rb8 8.
cxd5 cxd5 9. Rc1 a6 10. Be2 Bd6 11. O-O O-O 12. Nh4 Bg6 13. Nxg6 fxg6 14.
Bf3 Qe7 15. e4 dxe4 16. Nxe4 Nxe4 17. Bxe4 Bxh2+ 18. Kxh2 Qh4+ 19. Kg1 Qxe4
20. Bc3 Qd5 21. Qxd5 exd5 22. Rfe1 Rfe8 23. Rxe8+ Rxe8 24. Re1 Rxe1+ 25.
Bxe1 Kf7 26. f3 Nb6 27. b3 Nc8 28. Kf2 Nd6 29. g4 Kf6 30. Bb4 Nb5 31. a4 Na7
32. Kg3 Nc6 33. Bc5 h5 34. b4 b5 35. axb5 axb5 36. Kh4 hxg4 37. Kxg4 Nd8 38.
f4 Nc6 39. Kg3 g5 40. Kg4 gxf4 41. Kxf4 g5+ 42. Kg4 Kg6 43. Kg3 Kf5 44. Kf3
g4+ 45. Kg3 Kg5 46. Kg2 Kf4 47. Kf2 g3+ 48. Kg2 Kg4 49. Bd6 Nxd4 50. Bxg3
Kf5 51. Kf1 Ke4 52. Bd6 Nc6 53. Ke2 Kd4 54. Kd2 Kc4 55. Kc2 Nxb4+ 56. Kb2
Nd3+ 57. Kc2 b4 58. Kb1 b3 59. Bf8 b2 60. Bh6 Kb3 61. Bg7 Kc4 62. Bf6 d4 63.
Bg7 Kc3 64. Bf6 Kc4 65. Kc2 Ne1+ 66. Kb1 d3 67. Bg5 Kb3 68. Bh6 Nf3 69. Bc1
bxc1=Q+ 70. Kxc1 Ne5 71. Kd2 Kc4 72. Kc1 Kc3 73. Kd1 d2 74. Ke2 Kc2
{White resigns}
0-1

[Event "ICC tourney 1992 (90 10)"]
[Site "Internet Chess Club"]
[Date "2020.09.07"]
[Round "6"]
[White "GlibNest"]
[Black "Cougar2020"]
[Result "1-0"]
[ICCResult "Black checkmated"]
[WhiteElo "1506"]
[BlackElo "1149"]
[Opening "French: advance, Euwe variation"]
[ECO "C02"]
[NIC "FR.03"]
[Time "15:32:53"]
[TimeControl "5400+10"]

1. e4 e6 2. d4 d5 3. e5 c5 4. c3 Nc6 5. Nf3 Bd7 6. Bd3 Qb6 7. O-O cxd4 8.
cxd4 Nxd4 9. Nxd4 Qxd4 10. Nc3 Qxe5 11. Re1 Qd6 12. Nb5 Qc6 13. Nc3 Nf6 14.
Bf4 a6 15. Rc1 Qb6 16. Bg5 Be7 17. Bxf6 gxf6 18. Qe2 Qd6 19. Rcd1 Qc6 20.
Bc2 Bb4 21. Qf3 d4 22. Qxf6 Rg8 23. Be4 Qc7 24. Bxh7 Be7 25. Qxd4 Rg5 26.
Qh8+ Bf8 27. Nd5 Rxd5 28. Rxd5 O-O-O 29. Rdd1 Bb4 30. Qf6 Bxe1 31. Rxe1 Be8
32. Be4 Kb8 33. h4 Qa5 34. Rf1 Rc8 35. Qf3 Rc7 36. h5 f5 37. Bb1 Rh7 38. h6
Qc7 39. Qe3 Bd7 40. Qg5 Qc8 41. Rc1 Qf8 42. Rd1 Bc8 43. Qf4+ Ka8 44. g4 Rxh6
45. Rc1 Bd7 46. Rc7 Bc6 47. Rc8+ Qxc8 48. Qxh6 fxg4 49. Bd3 Qd8 50. Be2 Qd5
51. Qh2 Qe4 52. Bf1 e5 53. Qg2 Qxg2+ 54. Bxg2 Bxg2 55. Kxg2 e4 56. Kg3 b5
57. Kxg4 Kb7 58. Kf4 Kc6 59. Kxe4 Kc5 60. Ke5 a5 61. f4 b4 62. f5 Kc4 63. f6
a4 64. f7 b3 65. a3 Kd3 66. f8=Q Kc2 67. Qf2+ Kb1 68. Kd4 Ka2 69. Kc3 Kb1
70. Kb4 Ka2 71. Kxa4 Kb1 72. Kxb3 Ka1 73. Qf1# {Black checkmated} 1-0

[Event "ICC tourney 1992 (90 10)"]
[Site "Internet Chess Club"]
[Date "2020.09.07"]
[Round "6"]
[White "haarim"]
[Black "ama2024"]
[Result "1-0"]
[ICCResult "Black checkmated"]
[WhiteElo "1340"]
[BlackElo "1525"]
[Opening "French: Tarrasch, closed variation"]
[ECO "C05"]
[NIC "FR.17"]
[Time "15:33:02"]
[TimeControl "5400+10"]

1. e4 e6 2. d4 d5 3. Nd2 Nf6 4. e5 Nfd7 5. Bd3 c5 6. c3 Nc6 7. Ne2 Qb6 8.
Nf3 cxd4 9. cxd4 Bb4+ 10. Bd2 O-O 11. O-O Re8 12. a3 Bxd2 13. Qxd2 Nf8 14.
b4 Bd7 15. Nc3 Kh8 16. Na4 Qd8 17. Nc5 b6 18. Nb7 Qe7 19. Nd6 Reb8 20. Rac1
f6 21. Bb5 Nd8 22. Rc7 a6 23. Bd3 Nf7 24. Nxf7+ Qxf7 25. Rfc1 f5 26. Ng5 Qe8
27. Nh3 Kg8 28. Qg5 Kh8 29. Be2 h6 30. Qh4 Rc8 31. Bh5 Rxc7 32. Rxc7 g6 33.
Qf6+ Kg8 34. Be2 Rc8 35. Rxc8 Qxc8 36. g3 Qc1+ 37. Kg2 Qxa3 38. Nf4 Qxb4 39.
Nxg6 Nxg6 40. Qxg6+ Kf8 41. Qf6+ Kg8 42. Qd8+ Kf7 43. Qxd7+ Kg6 44. Qxe6+
Kg5 45. f4# {Black checkmated} 1-0